 Dungeon Crawl Stone Soup version 0.28.0-1-gb440e238dd (webtiles) character file.

Game seed: 3247439975205315816

580 sanboga the Shield-Bearer (level 7, -1/44 HPs)
             Began as a Gargoyle Fighter on Feb 24, 2022.
             Slain by an orc priest (3 damage)
             ... on level 4 of the Dungeon.
             The game lasted 00:07:40 (4621 turns).

sanboga the Shield-Bearer (Gargoyle Fighter)        Turns: 4621, Time: 00:07:41

Health: -1/44      AC: 13    Str: 22    XL:     7   Next: 36%
Magic:  7/7        EV:  9    Int:  8    God:
Gold:   65         SH:  4    Dex:  9    Spells: 6/6 levels left

rFire   . . .      SeeInvis .   a - +0 war axe
rCold   . . .      Faith    .   c - +0 buckler
rNeg    + . .      Spirit   .   b - +0 scale mail
rPois   ∞          Reflect  .   i - +0 helmet
rElec   +          Harm     .   (no cloak)
rCorr   .          Rampage  .   (no gloves)
Will    .....                   (no boots)
Stlth   ..........              (no amulet)
HPRegen 0.14/turn               (no ring)
MPRegen 0.10/turn               (no ring)

@: no status effects
A: sickness immunity, AC +4, negative energy resistance 1, electricity
resistance, torment resistance 1, petrification resistance
a: no special abilities


You were on level 4 of the Dungeon.
You visited 1 branch of the dungeon, and saw 4 of its levels.
You also visited: Sewer.

You collected 76 gold pieces.
You spent 11 gold pieces at shops.

Inventory:

Hand Weapons
 a - a +0 war axe (weapon)
 e - a +0 hand axe of holy wrath
Armour
 b - a +0 scale mail (worn)
 c - a +0 buckler (worn)
 i - a +0 helmet (worn)
Scrolls
 k - a scroll of fear
Potions
 d - a potion of haste
 f - 2 potions of flight
 g - 5 potions of curing
 h - 5 potions of mutation
 n - 3 potions of heal wounds


   Skills:
 + Level 4.9 Fighting
 * Level 4.7 Axes
 + Level 4.9 Armour
 + Level 5.0 Shields


You had 6 spell levels left.
You didn't know any spells.
Your spell library was empty.

Dungeon Overview and Level Annotations

Branches:
Dungeon (4/15)              Sewer (visited)
 Temple: D:4-7

Altars:

Shops:
D:2 *   D:4 *


Innate Abilities, Weirdness & Mutations

You are immune to sickness and miasma.
Your stone body is resilient. (AC +4)
You are immune to poison.
You resist negative energy. (rN+)
You are resistant to electric shocks. (rElec)
You are resistant to unholy torment.
You are immune to petrification.


Message History

The orc priest hits you but does no damage.
You barely miss the orc. You closely miss the orc.
You barely miss the orc priest. The orc barely misses you.
The orc priest hits you but does no damage.
You barely miss the orc. You hit the orc priest. You hit the orc.
You kill the orc!
The orc closely misses you.
You hit the orc priest.
The orc priest is heavily wounded.
You closely miss the orc. You barely miss the orc. The orc closely misses you.
The orc priest mumbles some strange prayers to Beogh against you.
Pain shoots through your body! The orc barely misses you.
The orc closely misses you.
You slash the orc priest!
The orc priest is almost dead.
You closely miss the orc. You hit the orc.
The orc priest looks satisfied for a moment.
You block the orc's attack. The orc hits you but does no damage.
The orc priest hits you with a +3 falchion.
The orc hits you with a +0 club.
You hit the orc priest but do no damage.
The orc priest is almost dead.
You closely miss the orc. You barely miss the orc.
The orc hits you but does no damage.
The orc priest calls down the wrath of Beogh upon you.
Pain shoots through your body! The orc barely misses you.
You completely miss the orc priest.
The orc priest is almost dead.
You barely miss the orc. You hit the orc. The orc hits you but does no damage.
You block the orc priest's attack. The orc barely misses you.
The orc hits you but does no damage.
You hit the orc priest but do no damage.
The orc priest is almost dead.
You barely miss the orc. You hit the orc but do no damage.
The orc priest invokes the aid of Beogh against you.
Beogh smites you!
* * * LOW HITPOINT WARNING * * *
The orc hits you but does no damage. The orc closely misses you.
The orc priest hits you with a +3 falchion.
You die...

#.... ..#....
.......########
...............#
.....#.........#.
................
###......oo....##
.....#.#.@o.>....
#......###.####
#..#.#.# #.# #......#
#.# #.#...## #.# #
#.#.## #.# #########
#.#..# #.# ##.......#
#.##.###.####....#....
#.....................


You could see an orc priest and 2 orcs.

Vanquished Creatures
  2 kobold brigands (Sewer)
  3 wights (D:3)
  A hound (D:4)
  A bullfrog skeleton (D:4)
  A hound skeleton (D:4)
  A gnoll (D:1)
  10 adders
  2 river rats (Sewer)
  An ufetubus (D:3)
  4 worms
  A dart slug (D:3)
  5 orcs
  10 ball pythons
  9 endoplasms
  A giant cockroach (D:2)
  2 goblins
  12 hobgoblins
  8 jackals
  10 kobolds
  3 quokkas
  6 bats
  4 frilled lizards
  5 rats
  A bush (D:1)
103 creatures vanquished.

Vanquished Creatures (collateral kills)
  A wight (D:3)
  A bat (D:3)
2 creatures vanquished.

Vanquished Creatures (others)
  2 plants (D:1)
2 creatures vanquished.

Grand Total: 107 creatures vanquished

Notes
Turn   | Place    | Note
-------+----------+-------------------------------------------
     0 | D:1      | sanboga the Gargoyle Fighter began the quest for the Orb.
     0 | D:1      | Reached XP level 1. HP: 14/14 MP: 1/1
   252 | D:1      | Reached XP level 2. HP: 5/19 MP: 2/2
   923 | D:1      | Reached XP level 3. HP: 11/23 MP: 3/3
  1142 | D:1      | Found a faded altar of an unknown god.
  1340 | D:2      | Found Sugom's General Store.
  1364 | D:2      | Bought a potion of degeneration for 11 gold pieces
  1445 | D:2      | Reached XP level 4. HP: 14/29 MP: 4/4
  2210 | D:3      | Reached skill level 4 in Shields
  2210 | D:3      | Reached XP level 5. HP: 29/33 MP: 5/5
  2223 | D:3      | Reached XP level 6. HP: 13/38 MP: 6/6
  2672 | D:3      | Found a glowing drain.
  2681 | Sewer    | Entered a sewer
  3579 | Sewer    | Reached XP level 7. HP: 24/44 MP: 7/7
  4524 | D:4      | Found Zievoul's Elemental Accessories.
  4572 | D:4      | Reached skill level 5 in Shields
  4621 | D:4      | HP: 2/44 [orc priest/divine providence (14)]
  4621 | D:4      | Slain by an orc priest

Illustrated notes

Levels and vault maps discovered:
D:1:      dpeg_arrival_shrine, layout_loops_ring, serial_forest,
          infiniplex_forest_end_2, infiniplex_forest_straight_1,
          infiniplex_forest_end_3, infiniplex_forest_lined_room_3,
          infiniplex_forest_lined_3, infiniplex_forest_straight_1,
          infiniplex_forest_clump_long, infiniplex_forest_end_2,
          shapermc_ecumenical_altar_mp_vishouse
D:2:      layout_basic, serial_shops, shop
D:3:      layout_basic, portal_sewer_entry_d
D:4:      layout_basic, glass_columns_a, nicolae_elemental_shop,
          grunt_ministairs_12, uniq_natasha

Skill      XL: |  1  2  3  4  5  6  7 |
---------------+----------------------+-----
Axes           | 2 3 4 |  4.7
Fighting       | 4 |  4.9
Armour         | 4 |  4.9
Shields        | 4 5 |  5.0

Action                   |  1- 3 |  4- 6 |  7- 9 || total
-------------------------+-------+-------+-------++-------
Melee: War axe           |    98 |   185 |   102 ||   385
  Use: Scroll            |     1 |     3 |     9 ||    13
       Potion            |     1 |     2 |       ||     3
Armor: Scale mail        |    49 |   188 |    63 ||   300
Dodge: Dodged            |    36 |   194 |    55 ||   285
Block: Buckler           |    18 |       |    11 ||    29
